 Dungeon Crawl Stone Soup version 0.19.1 (webtiles) character file.

179 Angani the Cudgeler (level 5, -1/40 HPs)
             Began as a Minotaur Chaos Knight on Dec 27, 2016.
             Slain by eric's ghost (19 damage)
             ... on level 5 of the Dungeon.
             The game lasted 00:05:01 (2139 turns).

Angani the Cudgeler (Minotaur Chaos Knight)         Turns: 2139, Time: 00:05:03

Health: -1/40      AC:  7    Str: 20 (21) XL:     5   Next: 32%
Magic:  4/4        EV: 11    Int:  8 (9)  God:    Xom [.....*]
Gold:   59         SH:  0    Dex: 11      Spells: 0 memorised, 4 levels left

rFire  . . .     SeeInvis .     a - +0 mace (chaos)
rCold  . . .     Gourm    .     b - +2 leather armour
rNeg   . . .     Faith    .     (no shield)
rPois  .         Spirit   .     (helmet restricted)
rElec  .         Reflect  .     (no cloak)
rCorr  .         Harm     .     (no gloves)
MR     .....                    (no boots)
Stlth  +.........               (no amulet)
                                (no ring)
                                i - +2 ring of protection

@: mighty
A: retaliatory headbutt, horns 2, blurry vision 1, deterioration 1, frail 1,
screaming 1
a: Renounce Religion


You were on level 5 of the Dungeon.
You worshipped Xom.
You were Xom's teddy bear.
You were not hungry.

You visited 1 branch of the dungeon, and saw 5 of its levels.

You collected 59 gold pieces.

Inventory:

Hand Weapons
 a - a +0 mace of chaos (weapon)
Armour
 b - a +2 leather armour (worn)
 r - a +0 cloak
Jewellery
 i - a +2 ring of protection (left hand)
Scrolls
 d - 5 scrolls of identify {unknown}
 g - 2 scrolls of immolation {unknown}
 h - 2 scrolls of remove curse {unknown}
 k - a scroll of fog {unknown}
 n - a scroll of enchant weapon {unknown}
 p - a scroll of blinking {unknown}
 t - a scroll of fear {unknown}
Potions
 f - a potion of flight {unknown}
 j - a potion of cure mutation {unknown}
 l - a potion of curing {unknown}
 m - a potion of agility {unknown}
 o - a potion of heal wounds {unknown}
 q - a potion of brilliance {unknown}
Comestibles
 c - 2 bread rations
 s - a meat ration


   Skills:
 - Level 3.6 Fighting
 - Level 6.0 Maces & Flails
 + Level 4.7 Armour
 - Level 1.1 Dodging


You had 4 spell levels left.
You didn't know any spells.

Dungeon Overview and Level Annotations

Branches:
Dungeon (5/15)
 Temple: D:4-7

Altars:

Annotations:
D:2 Sigmund
D:5 eric's ghost, novice MiBe


Innate Abilities, Weirdness & Mutations

You reflexively headbutt those who attack you in melee.
You have a pair of horns on your head.
Scrolls take you a little longer to read.
Your body sometimes deteriorates upon taking damage.
You are frail. (-10% HP)
You occasionally shout uncontrollably at your foes.


Message History

Your crimson imp blinks!
Unknown command.
You closely miss eric's ghost. You headbutt eric's ghost.
Eric's ghost is lightly damaged.
Your shadow imp hits eric's ghost but does no damage.
Eric's ghost misses you. You furiously retaliate!
You headbutt eric's ghost! You completely miss eric's ghost.
You headbutt eric's ghost!!
Eric's ghost is heavily damaged.
Your shadow imp hits eric's ghost.
Eric's ghost hits your shadow imp.
You barely miss eric's ghost.
Eric's ghost is heavily damaged.
Your shadow imp barely misses eric's ghost.
Eric's ghost misses you.
You barely miss eric's ghost. Your headbutt misses eric's ghost.
Eric's ghost is heavily damaged.
Your shadow imp barely misses eric's ghost.
Your crimson imp blinks!
Eric's ghost hits you!!
You die...
Xom guffaws!

#.#####!##........#
##...##.)#########..#
##.....#.## ..#
#........# ..
#.......## #....ยง..#
##.....## #...5W..#
#.5..@..# #?......#
##.....## ##...##
#####


You could see eric's ghost, a friendly crimson imp and a friendly shadow imp.

Vanquished Creatures
  3 gnolls (D:3)
  6 adders
  2 oozes
  4 worms (D:3)
  2 dart slugs (D:1)
  10 orcs
  A ball python (D:1)
  A bat (D:1)
  2 giant cockroaches
  8 hobgoblins
  4 jackals (D:3)
  4 kobolds
  A quokka (D:3)
  3 frilled lizards
  6 goblins
  8 rats
65 creatures vanquished.

Notes
Turn   | Place    | Note
-------+----------+-------------------------------------------
     0 | D:1      | Angani the Minotaur Chaos Knight began the quest for the Orb.
     0 | D:1      | Reached XP level 1. HP: 19/19 MP: 0/0
    40 | D:1      | Reached skill level 4 in Maces & Flails
    88 | D:1      | XOM: divination: detect items
    92 | D:1      | XOM: harmless Chrm miscast
   126 | D:1      | Reached XP level 2. HP: 26/26 MP: 1/1
   303 | D:1      | XOM: 8-stop teleportation journey
   320 | D:1      | XOM: mild Erth miscast
   484 | D:1      | Reached skill level 5 in Maces & Flails
   629 | D:2      | Reached XP level 3. HP: 29/31 MP: 2/2
   634 | D:2      | Noticed Sigmund
   638 | D:2      | XOM: confuse monster(s)
   642 | D:3      | XOM: butterfly on damage
  1029 | D:3      | Reached XP level 4. HP: 39/39 MP: 3/3
  1039 | D:3      | Reached skill level 6 in Maces & Flails
  1044 | D:3      | XOM: summons 1 hostile shadow creature
  1132 | D:3      | XOM is BORED!
  1132 | D:3      | XOM: mild Conj miscast
  1168 | D:3      | XOM: summons 1 hostile shadow creature
  1483 | D:3      | XOM: mild Tloc miscast
  1829 | D:3      | XOM: give mutations
  1829 | D:3      | Gained mutation: Your body sometimes deteriorates upon taking damage. [Xom's mischief]
  1829 | D:3      | Gained mutation: You are frail. (-10% HP) [Xom's mischief]
  1880 | D:3      | Reached XP level 5. HP: 33/40 MP: 4/4
  1940 | D:3      | XOM: give mutations
  1940 | D:3      | Gained mutation: Scrolls take you a little longer to read. [Xom's mischief]
  1940 | D:3      | Gained mutation: You occasionally shout uncontrollably at your foes. [Xom's mischief]
  1940 | D:3      | Gained mutation: Your magical capacity is low. (-10% MP) [Xom's mischief]
  1940 | D:3      | Lost mutation: Your magical capacity is low. (-10% MP) [Xom's mischief]
  1959 | D:3      | XOM: stat loss: -1 Int (8/9)
  2103 | D:4      | XOM is BORED!
  2103 | D:4      | XOM: polymorph orc -> ooze
  2118 | D:5      | Entered Level 5 of the Dungeon
  2118 | D:5      | Noticed eric's ghost (novice MiBe)
  2121 | D:5      | XOM: silly message
  2132 | D:5      | XOM: summons 2 friendly demons
  2139 | D:5      | Slain by eric's ghost

Skill      XL: |  1  2  3  4 |
---------------+-------------+-----
Maces & Flails | 4 5 6 |  6.0
Armour         | 4 |  4.7
Fighting       | |  3.6
Dodging        | |  1.1

Action                   |  1- 3 |  4- 6 || total
-------------------------+-------+-------++-------
Melee: Mace              |    73 |   106 ||   179
       Headbutt          |     6 |    15 ||    21
  Use: Potion            |       |     1 ||     1
  Eat: Chunk             |       |     4 ||     4
Armor: Leather armour    |    23 |    42 ||    65
Dodge: Dodged            |    48 |    72 ||   120
